 Dungeon Crawl Stone Soup version 0.25.1-2-g60ff931df9 (webtiles) character file.

Game seed: 2902084264438974475

103 raphialitos the Covered (level 4, 0/37 HPs)
             Began as a Barachi Fighter on Oct 23, 2020.
             Slain by Natasha (6 damage)
             ... on level 2 of the Dungeon.
             The game lasted 00:04:29 (1601 turns).

raphialitos the Covered (Barachi Fighter)           Turns: 1601, Time: 00:04:30

Health: 0/37       AC: 13    Str: 19    XL:     4   Next: 79%
Magic:  4/4        EV:  3    Int: 14    God:
Gold:   83         SH:  9    Dex: 11    Spells: 3/3 levels left

rFire    . . .     SeeInvis .   a - +0 long sword
rCold    . . .     Gourm    .   c - +0 kite shield
rNeg     . . .     Faith    .   g - +0 plate armour
rPois    +         Spirit   .   (no helmet)
rElec    .         Reflect  .   (no cloak)
rCorr    .         Harm     .   t - +0 pair of gloves
MR       .....                  (no boots)
Stlth    ..........             (no amulet)
HPRegen  0.12/turn              m - +6 ring of intelligence
MPRegen  0.09/turn              h - ring of poison resistance

@: slowed, very slow
A: +LOS, swims, slowness 1, strong legs 1
a: Hop


You were on level 2 of the Dungeon.
You were not hungry.

You visited 1 branch of the dungeon, and saw 2 of its levels.

You collected 83 gold pieces.

Inventory:

Hand Weapons
 a - a +0 long sword (weapon)
Missiles
 k - 4 atropa-tipped darts (quivered)
 l - 11 sling bullets
 o - a throwing net
Armour
 b - a +0 scale mail
 c - a +0 kite shield (worn)
 g - a +0 plate armour (worn)
 t - a +0 pair of gloves (worn)
Jewellery
 h - a ring of poison resistance (right hand)
 m - a +6 ring of intelligence (left hand)
Scrolls
 i - 2 scrolls of remove curse {unknown}
 j - 3 scrolls of blinking {unknown}
 s - a scroll of fog {unknown}
Potions
 d - 3 potions of might
 e - a potion of stabbing {unknown}
 n - 2 potions of flight {unknown}
 p - 2 potions of mutation {unknown}
 r - a potion of heal wounds {unknown}
Comestibles
 f - 5 rations
 q - 11 chunks of flesh


   Skills:
 + Level 4.2 Fighting
 + Level 3.5 Long Blades
 + Level 4.6 Armour
 + Level 0.3 Dodging
 + Level 4.0 Shields


You had 3 spell levels left.
You didn't know any spells.
Your spell library was empty.

Dungeon Overview and Level Annotations

Branches:
Dungeon (2/15)

Altars:

Annotations:
D:2 Natasha


Innate Abilities, Weirdness & Mutations

You can be seen from farther away. (+LOS)
You can swim through water.
You cover ground slowly.
You can hop short distances.


Message History

You block the frilled lizard's attack.
You hit Natasha.
Natasha is almost dead.
Natasha claws you. You block the goblin's attack.
The frilled lizard bites you but does no damage.
You block Natasha's attack. You block the goblin's attack.
The frilled lizard bites you but does no damage.
You hit Natasha but do no damage.
Natasha is almost dead.
Natasha mumbles some strange words.
The goblin completely misses you. You block the frilled lizard's attack.
Natasha claws you!
* * * LOW HITPOINT WARNING * * *
You block the goblin's attack.
The crimson imp blinks!
You hit Natasha but do no damage.
Natasha is almost dead.
You block the frilled lizard's attack. The goblin hits you.
* * * LOW HITPOINT WARNING * * *
Natasha claws you.
You die...

###### #.......###..
##.....# #..<....# ##.
#.......## ##.....## ##
.........# ##...#######
.........# ##### #....
.5...?...# #....
.......?.############....
.......†...............).
..[...>g@############....
.......hl# #....
.........# #....
......5..# #####
.........# #.......##
##....^# ######


You could see Natasha, a crimson imp (summoned), a shadow imp (summoned), a
goblin and a frilled lizard.

Vanquished Creatures
  Natasha (D:2)
  2 adders (D:2)
  An ooze (D:1)
  A worm (D:2)
  A dart slug (D:1)
  A leopard gecko (D:1)
  7 giant cockroaches
  5 hobgoblins
  3 jackals (D:2)
  A quokka (D:2)
  2 ball pythons (D:2)
  6 bats
  2 frilled lizards
  5 goblins
  5 kobolds
  4 rats (D:1)
47 creatures vanquished.

Notes
Turn   | Place    | Note
-------+----------+-------------------------------------------
     0 | D:1      | raphialitos the Barachi Fighter began the quest for the
                  | Orb.
     0 | D:1      | Reached XP level 1. HP: 18/18 MP: 1/1
   132 | D:1      | Reached XP level 2. HP: 25/25 MP: 2/2
   515 | D:1      | Reached XP level 3. HP: 30/30 MP: 3/3
  1137 | D:2      | Noticed Natasha
  1143 | D:2      | Killed Natasha
  1143 | D:2      | Reached XP level 4. HP: 19/37 MP: 4/4
  1590 | D:2      | Noticed Natasha
  1601 | D:2      | Slain by Natasha

Illustrated notes

Levels and vault maps discovered:
D:1:      heliophobic_arrival_ceremonial_halls, layout_rooms, minivault_5,
          minmay_worlds_worst_comb
D:2:      layout_rooms, uniq_natasha

Skill      XL: |  1  2  3 |
---------------+----------+-----
Fighting       | 4 |  4.2
Armour         | 4 |  4.6
Long Blades    | 3 |  3.5
Shields        | 4 |  4.0
Dodging        | |  0.3

Action                   |  1- 3 |  4- 6 || total
-------------------------+-------+-------++-------
Melee: Long sword        |    99 |    46 ||   145
 Abil: Hop               |     1 |       ||     1
  Eat: Chunk             |       |     3 ||     3
Armor: Scale mail        |    46 |       ||    46
       Plate armour      |    22 |    45 ||    67
Dodge: Dodged            |    27 |    14 ||    41
Block: Kite shield       |    60 |    37 ||    97
       Rpst.: Long sword |    10 |     4 ||    14
